| TOP OF THE 1ST |
|
Chicago (NYP) White Sox batting - Pitching for Spokane Indians : LHP Luis Marmolejos
|
|
Pitching: LHP Luis Marmolejos
|
|
|
Batting: RHB Jeremy Hoffert
|
0-0: Ball 1-0: Foul Ball, location: 2F 1-1: Swinging Strike 1-2: Ball 2-2: Ground out 5-3 (Groundball, 56, EV 105.0 MPH)
|
|
Batting: SHB Jason Bresnahan
|
0-0: Swinging Strike 0-1: Ground out 6-3 (Groundball, 56, EV 106.3 MPH)
|
|
Batting: RHB Dusty Ballard
|
0-0: Ball 1-0: Ball 2-0: Ball 3-0: Called Strike 3-1: Base on Balls
|
|
Batting: LHB Brandon Hopper
|
0-0: Ball 1-0: Foul Ball, location: 2F 1-1: Called Strike 1-2: Ball Dusty Ballard steals 2nd base (no throw) 2-2: Ball 3-2: Strikes out swinging
|
| Top of the 1st over - 0 runs, 0 hits, 0 errors, 1 left on base; Chicago (NYP) 0 - Spokane 0 |
| BOTTOM OF THE 1ST |
|
Spokane Indians batting - Pitching for Chicago (NYP) White Sox : RHP Cole Wanat
|
|
Pitching: RHP Cole Wanat
|
|
|
Batting: RHB Theo van Gent
|
0-0: Ball 1-0: Foul Ball, location: 2F 1-1: Swinging Strike 1-2: Ball 2-2: Ball 3-2: Strikes out swinging
|
|
Batting: RHB Chance Lamb
|
0-0: Ball 1-0: Ball 2-0: Ball 3-0: Base on Balls
|
|
Batting: RHB Dennis Daniels
|
0-0: Called Strike 0-1: Ball 1-1: Swinging Strike 1-2: Foul Ball, location: 2F 1-2: Strikes out swinging
|
|
Batting: RHB Chris Powell
|
0-0: Called Strike 0-1: Called Strike Chance Lamb is caught stealing 2nd base 2-4
|
| Bottom of the 1st over - 0 runs, 0 hits, 0 errors, 0 left on base; Chicago (NYP) 0 - Spokane 0 |
| TOP OF THE 2ND |
|
Chicago (NYP) White Sox batting - Pitching for Spokane Indians : LHP Luis Marmolejos
|
|
Batting: LHB Wes Goscinski
|
0-0: Ball 1-0: Swinging Strike 1-1: Foul Ball, location: 2F 1-2: Ball 2-2: Strikes out swinging
|
|
Batting: RHB Mitch Cuadros
|
0-0: Called Strike 0-1: Fly out, F8 (Flyball, 8RM, EV 93.1 MPH)
|
|
Batting: RHB Zachary Anderson
|
0-0: Swinging Strike 0-1: Called Strike 0-2: Strikes out swinging
|
| Top of the 2nd over - 0 runs, 0 hits, 0 errors, 0 left on base; Chicago (NYP) 0 - Spokane 0 |
| BOTTOM OF THE 2ND |
|
Spokane Indians batting - Pitching for Chicago (NYP) White Sox : RHP Cole Wanat
|
|
Batting: RHB Chris Powell
|
0-0: Ball 1-0: Foul Ball, location: 2F 1-1: Foul Ball, location: 2F 1-2: SINGLE (Groundball, 56S, EV 74.4 MPH) (infield hit)
|
|
Batting: RHB Roberto Contreras
|
0-0: Ball 1-0: SINGLE (Groundball, 4MD, EV 105.0 MPH) (infield hit) Chris Powell to second
|
|
Batting: LHB Franklin Quezada
|
0-0: Ball Chris Powell steals 3rd base Roberto Contreras to second 1-0: Foul Ball, location: 2F 1-1: Ball 2-1: SINGLE (Flyball, 56D, EV 91.9 MPH) Chris Powell scores Roberto Contreras to third
|
|
Batting: RHB Zi-jing Wang
|
0-0: Foul Ball, location: 2F 0-1: Ball 1-1: Swinging Strike 1-2: Ball 2-2: Ball 3-2: Strikes out swinging Franklin Quezada steals 2nd base Batter strikes out.
|
|
Batting: RHB Jose Guerrero
|
0-0: SINGLE (Groundball, 56D, EV 108.1 MPH) Roberto Contreras scores Franklin Quezada to third Runner from 3rd tries for Home, SAFE, throw by LF to home
|
|
Now in LF: Emil Wilbrink
|
|
|
Batting: RHB Knud Prins
|
0-0: Called Strike Jose Guerrero steals 2nd base 0-1: Ball Jose Guerrero steals 3rd base 1-1: Ball 2-1: Fly out, F5 (Popup, 56S, EV 79.4 MPH)
|
|
Batting: RHB Theo van Gent
|
0-0: Hit by Pitch
|
|
Batting: RHB Chance Lamb
|
0-0: Called Strike 0-1: Called Strike 0-2: Ball 1-2: Ball 2-2: SINGLE (Groundball, 25, EV 67.5 MPH) (infield hit) Jose Guerrero scores Theo van Gent to second
|
|
Batting: RHB Dennis Daniels
|
0-0: Swinging Strike 0-1: Ball 1-1: Ball 2-1: Called Strike 2-2: Fielders Choice at 2nd, 6-4 (Groundball, 6, EV 101.9 MPH)
|
| Bottom of the 2nd over - 4 runs, 5 hits, 0 errors, 2 left on base; Chicago (NYP) 0 - Spokane 4 |
| TOP OF THE 3RD |
|
Chicago (NYP) White Sox batting - Pitching for Spokane Indians : LHP Luis Marmolejos
|
|
Batting: RHB Emil Wilbrink
|
0-0: Ball 1-0: Ball 2-0: Fly out, F9 (Flyball, 89S, EV 85.6 MPH)
|
|
Batting: LHB Jason Bell
|
0-0: Called Strike 0-1: Swinging Strike 0-2: Strikes out swinging
|
|
Batting: RHB Jeremy Hoffert
|
0-0: Foul Ball, location: 2F 0-1: DOUBLE (Line Drive, 78D, EV 105.6 MPH)
|
|
Batting: SHB Jason Bresnahan
|
0-0: Swinging Strike 0-1: Foul Ball, location: 2F 0-2: Foul Ball, location: 2F 0-2: Foul Ball, location: 2F 0-2: Ball 1-2: Foul Ball, location: 2F 1-2: Strikes out looking
|
| Top of the 3rd over - 0 runs, 1 hit, 0 errors, 1 left on base; Chicago (NYP) 0 - Spokane 4 |
| BOTTOM OF THE 3RD |
|
Spokane Indians batting - Pitching for Chicago (NYP) White Sox : RHP Cole Wanat
|
|
Batting: RHB Chris Powell
|
0-0: Ground out 4-3 (Groundball, 4, EV 101.9 MPH)
|
|
Batting: RHB Roberto Contreras
|
0-0: TRIPLE (Line Drive, 7LD, EV 111.3 MPH)
|
|
Batting: LHB Franklin Quezada
|
0-0: Swinging Strike 0-1: Swinging Strike 0-2: Strikes out swinging
|
|
Batting: RHB Zi-jing Wang
|
0-0: Fly out, F4 (Popup, 4, EV 62.5 MPH)
|
| Bottom of the 3rd over - 0 runs, 1 hit, 0 errors, 1 left on base; Chicago (NYP) 0 - Spokane 4 |
| TOP OF THE 4TH |
|
Chicago (NYP) White Sox batting - Pitching for Spokane Indians : LHP Luis Marmolejos
|
|
Batting: RHB Dusty Ballard
|
0-0: Foul Ball, location: 2F 0-1: Ball 1-1: Swinging Strike 1-2: Strikes out looking
|
|
Batting: LHB Brandon Hopper
|
0-0: Fly out, F4 (Popup, 4MS, EV 69.4 MPH)
|
|
Batting: LHB Wes Goscinski
|
0-0: Foul Ball, location: 2F 0-1: Called Strike 0-2: Strikes out looking
|
| Top of the 4th over - 0 runs, 0 hits, 0 errors, 0 left on base; Chicago (NYP) 0 - Spokane 4 |
| BOTTOM OF THE 4TH |
|
Spokane Indians batting - Pitching for Chicago (NYP) White Sox : RHP Cole Wanat
|
|
Batting: RHB Jose Guerrero
|
0-0: Called Strike 0-1: Ball 1-1: Called Strike 1-2: Foul Ball, location: 2F 1-2: Foul Ball, location: 2F 1-2: Ground out 6-3 (Groundball, 6, EV 92.5 MPH)
|
|
Batting: RHB Knud Prins
|
0-0: Foul Ball, location: 2F 0-1: Ball 1-1: SINGLE (Groundball, 6D, EV 102.5 MPH)
|
|
Batting: RHB Theo van Gent
|
0-0: Ball 1-0: Ball 2-0: Called Strike 2-1: Foul Ball, location: 2F 2-2: Ball 3-2: Ground out 5-3 (Groundball, 56S, EV 76.9 MPH) Knud Prins to second
|
|
Batting: RHB Chance Lamb
|
0-0: Foul Ball, location: 2F 0-1: Foul Ball, location: 2F 0-2: Ball 1-2: Ball 2-2: Strikes out looking
|
| Bottom of the 4th over - 0 runs, 1 hit, 0 errors, 1 left on base; Chicago (NYP) 0 - Spokane 4 |
| TOP OF THE 5TH |
|
Chicago (NYP) White Sox batting - Pitching for Spokane Indians : LHP Luis Marmolejos
|
|
Batting: RHB Mitch Cuadros
|
0-0: Called Strike 0-1: Ball 1-1: Ball 2-1: Ground out 5-3 (Groundball, 56S, EV 90.6 MPH)
|
|
Batting: RHB Zachary Anderson
|
0-0: Fly out, F8 (Line Drive, 8LM, EV 86.3 MPH)
|
|
DELAY
|
Rain delay of 27 minutes in the 5th inning.
|
|
Batting: RHB Emil Wilbrink
|
0-0: Called Strike 0-1: Foul Ball, location: 2F 0-2: Strikes out swinging
|
| Top of the 5th over - 0 runs, 0 hits, 0 errors, 0 left on base; Chicago (NYP) 0 - Spokane 4 |
| BOTTOM OF THE 5TH |
|
Spokane Indians batting - Pitching for Chicago (NYP) White Sox : RHP Cole Wanat
|
|
Batting: RHB Dennis Daniels
|
0-0: Ball 1-0: Ball 2-0: Foul Ball, location: 2F 2-1: Ball 3-1: Base on Balls
|
|
Pitching: RHP Chad Rice
|
|
|
Batting: RHB Chris Powell
|
0-0: Swinging Strike 0-1: Foul Ball, location: 2F 0-2: Ball 1-2: Foul Ball, location: 2F 1-2: Strikes out swinging
|
|
Batting: RHB Roberto Contreras
|
0-0: Ball 1-0: Called Strike 1-1: Ball 2-1: SINGLE (Groundball, 56S, EV 68.1 MPH) (infield hit) Dennis Daniels to second
|
|
Batting: LHB Franklin Quezada
|
0-0: Ball 1-0: Fly out, F7 (Flyball, 7S, EV 80.0 MPH)
|
|
Batting: RHB Zi-jing Wang
|
0-0: Fielders Choice at 2nd, 6-4 (Groundball, 6, EV 98.8 MPH)
|
| Bottom of the 5th over - 0 runs, 1 hit, 0 errors, 2 left on base; Chicago (NYP) 0 - Spokane 4 |
| TOP OF THE 6TH |
|
Chicago (NYP) White Sox batting - Pitching for Spokane Indians : LHP Luis Marmolejos
|
|
Batting: LHB Jason Bell
|
0-0: Ball 1-0: Swinging Strike 1-1: Swinging Strike 1-2: Strikes out looking
|
|
Batting: RHB Jeremy Hoffert
|
0-0: Swinging Strike 0-1: Ball 1-1: Swinging Strike 1-2: Ball 2-2: Foul Ball, location: 2F 2-2: Strikes out looking
|
|
Batting: SHB Jason Bresnahan
|
0-0: Foul Ball, location: 2F 0-1: Ball 1-1: Ground out 6-3 (Groundball, 6S, EV 71.3 MPH)
|
| Top of the 6th over - 0 runs, 0 hits, 0 errors, 0 left on base; Chicago (NYP) 0 - Spokane 4 |
| BOTTOM OF THE 6TH |
|
Spokane Indians batting - Pitching for Chicago (NYP) White Sox : RHP Chad Rice
|
|
Batting: RHB Jose Guerrero
|
0-0: Ball 1-0: Ball 2-0: SINGLE (Line Drive, 9S, EV 110.6 MPH)
|
|
Batting: RHB Knud Prins
|
0-0: Called Strike 0-1: Called Strike 0-2: Foul Ball, location: 2F 0-2: Ball Jose Guerrero steals 2nd base 1-2: Foul Ball, location: 2F 1-2: Foul Ball, location: 2F 1-2: Strikes out swinging
|
|
Batting: RHB Theo van Gent
|
0-0: Ball 1-0: Called Strike 1-1: Foul Ball, location: 2F 1-2: Strikes out swinging
|
|
Batting: RHB Chance Lamb
|
0-0: SINGLE (Line Drive, 3D, EV 104.4 MPH) Jose Guerrero to third Runner from 3rd tries for Home, SAFE, throw by RF to home
|
|
Batting: RHB Dennis Daniels
|
0-0: Ball 1-0: Called Strike Chance Lamb is caught stealing 2nd base 2-4
|
| Bottom of the 6th over - 1 run, 2 hits, 0 errors, 0 left on base; Chicago (NYP) 0 - Spokane 5 |
| TOP OF THE 7TH |
|
Chicago (NYP) White Sox batting - Pitching for Spokane Indians : LHP Luis Marmolejos
|
|
Batting: RHB Dusty Ballard
|
0-0: Foul Ball, location: 2F 0-1: Called Strike 0-2: SINGLE (Groundball, 6MD, EV 103.1 MPH)
|
|
Batting: LHB Brandon Hopper
|
0-0: Swinging Strike 0-1: Ground out 5-3 (Groundball, 6S, EV 76.9 MPH) Dusty Ballard to second
|
|
Pitching: RHP Cássio Blemarcick
|
|
|
Batting: LHB Wes Goscinski
|
0-0: Called Strike 0-1: Called Strike 0-2: Foul Ball, location: 2F 0-2: Ball 1-2: Ball 2-2: Ball 3-2: Foul Ball, location: 2F 3-2: Strikes out swinging
|
|
Batting: RHB Mitch Cuadros
|
0-0: Swinging Strike 0-1: Ball 1-1: Foul Ball, location: 2F 1-2: Foul Ball, location: 2F 1-2: Ball 2-2: Strikes out looking
|
| Top of the 7th over - 0 runs, 1 hit, 0 errors, 1 left on base; Chicago (NYP) 0 - Spokane 5 |
| BOTTOM OF THE 7TH |
|
Spokane Indians batting - Pitching for Chicago (NYP) White Sox : RHP Chad Rice
|
|
Pinch Hitting: LHB Willie Calderon
|
0-0: Ball 1-0: Ball 2-0: SINGLE (Line Drive, 8RS, EV 105.6 MPH)
|
|
Batting: RHB Chris Powell
|
0-0: Fly out, F8 (Flyball, 89S, EV 88.1 MPH)
|
|
Batting: RHB Roberto Contreras
|
0-0: Called Strike 0-1: Ball 1-1: Called Strike 1-2: Strikes out looking Willie Calderon steals 2nd base Batter strikes out.
|
|
Batting: LHB Franklin Quezada
|
0-0: Ground out U3 (Groundball, 34S, EV 77.5 MPH)
|
| Bottom of the 7th over - 0 runs, 1 hit, 0 errors, 1 left on base; Chicago (NYP) 0 - Spokane 5 |
| TOP OF THE 8TH |
|
Chicago (NYP) White Sox batting - Pitching for Spokane Indians : RHP Cássio Blemarcick
|
|
Now at 1B: Roger Renteria
|
|
|
Now at 2B: Knud Prins
|
|
|
Now at 3B: Roberto Contreras
|
|
|
Batting: RHB Zachary Anderson
|
0-0: Ball 1-0: Foul Ball, location: 2F 1-1: Swinging Strike 1-2: Strikes out swinging
|
|
Pinch Hitting: LHB Ray Walden
|
0-0: Ball 1-0: SINGLE (Groundball, 5D, EV 103.1 MPH)
|
|
Batting: LHB Jason Bell
|
0-0: Ball 1-0: SINGLE (Line Drive, 89S, EV 103.1 MPH) Ray Walden to second
|
|
Batting: RHB Jeremy Hoffert
|
0-0: Ball 1-0: Foul Ball, location: 2F 1-1: Ball 2-1: SINGLE (Groundball, 6MD, EV 97.5 MPH) Ray Walden to third Jason Bell to second Runner from 3rd tries for Home, SAFE, throw by CF to home
|
|
Batting: SHB Jason Bresnahan
|
0-0: Ball 1-0: Ball 2-0: Foul Ball, location: 2F 2-1: Swinging Strike 2-2: Foul Ball, location: 2F 2-2: Ball 3-2: Foul Ball, location: 2F 3-2: Foul Ball, location: 2F 3-2: Foul Ball, location: 2F 3-2: Base on Balls Jason Bell to third Jeremy Hoffert to second
|
|
Batting: RHB Dusty Ballard
|
0-0: Swinging Strike 0-1: Foul Ball, location: 2F 0-2: Ball 1-2: Foul Ball, location: 2F 1-2: Strikes out swinging
|
|
Batting: LHB Brandon Hopper
|
0-0: Called Strike 0-1: Ball 1-1: Swinging Strike Passed Ball! Jason Bell scores Jeremy Hoffert to third Jason Bresnahan to second 1-2: Strikes out swinging
|
| Top of the 8th over - 2 runs, 3 hits, 0 errors, 2 left on base; Chicago (NYP) 2 - Spokane 5 |
| BOTTOM OF THE 8TH |
|
Spokane Indians batting - Pitching for Chicago (NYP) White Sox : RHP Chad Rice
|
|
Pitching: LHP Wang Jing
|
|
|
Now in LF: Justin Usner
|
|
|
Batting: RHB Zi-jing Wang
|
0-0: Ball 1-0: Ball 2-0: Foul Ball, location: 2F 2-1: Called Strike 2-2: Ball 3-2: Hit by Pitch
|
|
Batting: RHB Jose Guerrero
|
0-0: Called Strike Zi-jing Wang steals 2nd base (no throw) 0-1: Bunted foul 0-2: Foul Ball, location: 2F 0-2: Ground out U3 (Groundball, 34S, EV 94.4 MPH) Zi-jing Wang to third
|
|
Batting: RHB Knud Prins
|
0-0: Ball 1-0: Foul Ball, location: 2F 1-1: Ball 2-1: SINGLE (Groundball, 4M, EV 85.6 MPH) (infield hit) Zi-jing Wang scores
|
|
Batting: RHB Theo van Gent
|
0-0: Ball 1-0: Ball 2-0: Ball 3-0: Called Strike 3-1: Base on Balls Knud Prins to second
|
|
Batting: RHB Chance Lamb
|
0-0: Foul Ball, location: 2F 0-1: Foul Ball, location: 2F 0-2: Foul Ball, location: 2F 0-2: Ball 1-2: Strikes out looking
|
|
Batting: RHB Roger Renteria
|
0-0: Ball 1-0: Called Strike 1-1: Ball 2-1: Ball 3-1: Foul Ball, location: 2F 3-2: Strikes out looking
|
| Bottom of the 8th over - 1 run, 1 hit, 0 errors, 2 left on base; Chicago (NYP) 2 - Spokane 6 |
| TOP OF THE 9TH |
|
Chicago (NYP) White Sox batting - Pitching for Spokane Indians : RHP Cássio Blemarcick
|
|
Pitching: RHP Jeff Bliss
|
|
|
Batting: LHB Wes Goscinski
|
0-0: Swinging Strike 0-1: Ball 1-1: Swinging Strike 1-2: Foul Ball, location: 2F 1-2: Fly out, F8 (Line Drive, 8LD, EV 105.0 MPH)
|
|
Batting: RHB Mitch Cuadros
|
0-0: Ball 1-0: Fly out, F3 (Popup, 3F, EV 72.5 MPH)
|
|
Batting: RHB Zachary Anderson
|
0-0: Ground out 4-3 (Groundball, 4, EV 86.3 MPH)
|
| Top of the 9th over - 0 runs, 0 hits, 0 errors, 0 left on base; Chicago (NYP) 2 - Spokane 6 |
|